 Dungeon Crawl Stone Soup version 0.27-a0-522-g46bbb28828 (webtiles) character file.

Game seed: 9047625090905462307

75 gruber the Archer (level 4, -1/38 HPs)
             Began as a Gnoll Hunter on Mar 4, 2021.
             Killed from afar by an orc wizard (8 damage)
             ... with a puff of flame
             ... on level 3 of the Dungeon.
             The game lasted 00:02:00 (3719 turns).

gruber the Archer (Gnoll Hunter)                    Turns: 3719, Time: 00:02:01

Health: -1/38      AC:  5    Str: 12    XL:     4   Next: 31%
Magic:  5/5        EV: 13    Int: 10    God:
Gold:   134        SH:  0    Dex: 13    Spells: 5/5 levels left

rFire    . . .     SeeInvis .   a - +1 shortbow
rCold    . . .     Faith    .   (shield currently unavailable)
rNeg     . . .     Spirit   .   c - +0 leather armour
rPois    .         Reflect  .   k - +0 helmet
rElec    .         Harm     .   f - +0 cloak
rCorr    .         Rampage  .   (no gloves)
Will     .....                  (no boots)
Stlth    ++........             (no amulet)
HPRegen  0.12/turn              (no ring)
MPRegen  0.09/turn              (no ring)

@: no status effects
A: fangs 1, strong nose, distributed training
a: no special abilities


You were on level 3 of the Dungeon.
You visited 1 branch of the dungeon, and saw 3 of its levels.

You collected 134 gold pieces.

Inventory:

Hand Weapons
 a - a +1 shortbow (weapon)
 b - a +0 short sword
Missiles
 d - 55 arrows (quivered ammo)
 m - 16 poisoned darts
Armour
 c - a +0 leather armour (worn)
 f - a +0 cloak (worn)
 k - a +0 helmet (worn)
Scrolls
 g - 2 scrolls of enchant weapon {unknown}
 h - a scroll of amnesia {unknown}
 j - a scroll of teleportation {unknown}
 p - a scroll of enchant armour {unknown}
Potions
 e - a potion of magic {unknown}
 i - 3 potions of brilliance {unknown}
 l - a potion of ambrosia {unknown}
 n - a potion of lignification {unknown}
 o - a potion of haste {unknown}


   Skills:
 + Level 4.6 Fighting
 + Level 1.1 Short Blades
 + Level 1.1 Long Blades
 + Level 1.1 Axes
 + Level 1.1 Maces & Flails
 + Level 1.1 Polearms
 + Level 1.1 Staves
 + Level 1.1 Slings
 + Level 8.5 Bows
 + Level 1.1 Crossbows
 + Level 1.1 Throwing
 + Level 1.1 Armour
 + Level 4.6 Dodging
 + Level 2.5 Stealth
 + Level 1.1 Shields
 + Level 1.1 Unarmed Combat
 + Level 1.1 Spellcasting
 + Level 0.8 Conjurations
 + Level 0.8 Hexes
 + Level 0.8 Summonings
 + Level 0.8 Necromancy
 + Level 0.8 Translocations
 + Level 0.8 Transmutations
 + Level 0.8 Fire Magic
 + Level 0.8 Ice Magic
 + Level 0.8 Air Magic
 + Level 0.8 Earth Magic
 + Level 0.8 Poison Magic
 + Level 1.2 Invocations
 + Level 1.1 Evocations


You had 5 spell levels left.
You didn't know any spells.
Your spell library was empty.

Dungeon Overview and Level Annotations

Branches:
Dungeon (3/15)

Altars:
Elyvilon
Fedhas
Okawaru
Qazlal
Trog
The Shining One


Innate Abilities, Weirdness & Mutations

You have very sharp teeth.
Your uncanny sense of smell can sniff out nearby items.
Your experience applies equally to all skills.


Message History

A ball python is nearby!
There is an open door here.
You hit the ball python.
You kill the ball python!
No target in view!
No target in view!
No target in view!
No target in view!
No target in view!
No target in view!
No target in view!
No target in view!
No target in view!
No target in view!
No target in view!
Found a robe.
Key pressed, stopping explore.
You see here a +0 hand axe.
You see here 15 bolts.
An orc, an orc priest and an orc wizard come into view.
There are monsters nearby!
There are monsters nearby!
There are monsters nearby!
a - a +1 shortbow (weapon)
The orc priest shouts!
You hear a shout!
The orc shouts!
An orc comes into view. It is wielding a +0 dagger.
You shoot an arrow. The arrow misses the orc wizard.
The orc shouts!
The arrow hits the orc priest.
The orc priest is heavily wounded.
The orc priest calls down the wrath of Beogh upon you.
Beogh smites you!
You shoot an arrow. The arrow hits the orc wizard.
The orc wizard is lightly wounded.
The orc priest calls down the wrath of Beogh upon you.
Beogh smites you!
* * * LOW HITPOINT WARNING * * *
The orc wizard gestures at you while chanting.
The puff of flame hits you!
You die...

#.########..#.#.#
#....(......#.#.###
###########.#.#...#
#.#.##### #.#....
#.#.#.# ###
#.#.#.#...
#.#...#.###.# #.#
#@..o.oo# #.#
#.########### #.#
#...........# #.#
###########.# #.#
#.# #.# #.#
#.#############.##
#................#
##################


You could see an orc priest, an orc wizard and an orc.

Vanquished Creatures
  2 adders (D:3)
  An ooze (D:3)
  A worm (D:2)
  A leopard gecko (D:1)
  3 bats
  A giant cockroach (D:2)
  10 goblins
  8 hobgoblins
  3 jackals (D:1)
  7 kobolds
  A ball python (D:3)
  A frilled lizard (D:2)
  7 rats
46 creatures vanquished.

Notes
Turn   | Place    | Note
-------+----------+-------------------------------------------
     0 | D:1      | gruber the Gnoll Hunter began the quest for the Orb.
     0 | D:1      | Reached XP level 1. HP: 20/20 MP: 1/1
   384 | D:1      | Reached XP level 2. HP: 14/26 MP: 2/2
   772 | D:1      | HP: 1/26 [hobgoblin/+0 club (3)]
  1319 | D:2      | Found a stormy altar of Qazlal.
  1636 | D:2      | Reached XP level 3. HP: 31/31 MP: 3/3
  1719 | D:2      | Found a glowing golden altar of the Shining One.
  1950 | D:2      | Found a white marble altar of Elyvilon.
  2244 | D:2      | Reached skill level 1 in Invocations
  2910 | D:3      | Found a blossoming altar of Fedhas.
  2960 | D:3      | Reached skill level 1 in Short Blades
  2960 | D:3      | Reached skill level 1 in Long Blades
  2960 | D:3      | Reached skill level 1 in Axes
  2960 | D:3      | Reached skill level 1 in Maces & Flails
  2960 | D:3      | Reached skill level 1 in Polearms
  2960 | D:3      | Reached skill level 1 in Staves
  2960 | D:3      | Reached skill level 1 in Slings
  2960 | D:3      | Reached skill level 1 in Crossbows
  2960 | D:3      | Reached skill level 1 in Throwing
  2960 | D:3      | Reached skill level 1 in Armour
  2960 | D:3      | Reached skill level 1 in Shields
  2960 | D:3      | Reached skill level 1 in Unarmed Combat
  2960 | D:3      | Reached skill level 1 in Spellcasting
  2960 | D:3      | Reached skill level 1 in Evocations
  3156 | D:3      | Reached XP level 4. HP: 18/38 MP: 5/5
  3399 | D:3      | Found an iron altar of Okawaru.
  3399 | D:3      | Found a bloodstained altar of Trog.
  3719 | D:3      | Killed from afar by an orc wizard

Illustrated notes

Levels and vault maps discovered:
D:1:      amcnicky_arrival_double_pillar, layout_basic,
          chequers_serial_rivers_marsh
D:2:      layout_loops_ring, marbit_many_paths, grunt_qazlal_sundering,
          nicolae_tso_carved_into_rock
D:3:      layout_basic, gammafunk_temple_overflow_elements,
          nicolae_overflow_hidden_temple

Skill      XL: |  1  2  3 |
---------------+----------+-----
Invocations    | 1 |  1.2
Short Blades   | 1 |  1.1
Long Blades    | 1 |  1.1
Axes           | 1 |  1.1
Maces & Flails | 1 |  1.1
Polearms       | 1 |  1.1
Staves         | 1 |  1.1
Slings         | 1 |  1.1
Crossbows      | 1 |  1.1
Throwing       | 1 |  1.1
Armour         | 1 |  1.1
Shields        | 1 |  1.1
Unarmed Combat | 1 |  1.1
Spellcasting   | 1 |  1.1
Evocations     | 1 |  1.1
Fighting       | |  4.6
Bows           | |  8.5
Dodging        | |  4.6
Stealth        | |  2.5
Conjurations   | |  0.8
Hexes          | |  0.8
Summonings     | |  0.8
Necromancy     | |  0.8
Translocations | |  0.8
Transmutations | |  0.8
Fire Magic     | |  0.8
Ice Magic      | |  0.8
Air Magic      | |  0.8
Earth Magic    | |  0.8
Poison Magic   | |  0.8

Action                   |  1- 3 |  4- 6 || total
-------------------------+-------+-------++-------
Melee: Short sword       |   183 |    15 ||   198
       Bite              |    14 |       ||    14
       Punch             |     3 |       ||     3
 Fire: Shortbow          |       |     2 ||     2
Throw: Dart              |    13 |       ||    13
 Stab: Sleeping          |     5 |       ||     5
Armor: Leather armour    |    49 |     4 ||    53
Dodge: Dodged            |   103 |     9 ||   112

Table legend: (Time is in decaauts)
 A = Elapsed time spent in this place.
 B = Non-inter-level travel time spent in this place.
 C = Inter-level travel time spent in this place.
 D = Time resting spent in this place.
 E = Time spent auto-exploring this place.
 F = Levels seen in this place.
 G = Mean time per level.
                   A        B        C        D        E       F      G
               +--------+--------+--------+--------+--------+-----+--------+
         Total |   3732 |   3624 |    108 |      0 |   3169 |   3 | 1244.0 |
       Dungeon |   3732 |   3624 |    108 |      0 |   3169 |   3 | 1244.0 |
               +--------+--------+--------+--------+--------+-----+--------+

Top non-repeatable levels by time:
     D:1: 1457 daAuts
     D:2: 1274 daAuts
     D:3: 1000 daAuts
